 Dungeon Crawl Stone Soup version 0.23-a0-204-g3eb00d1601 (webtiles) character file.

241 Rrauwl the Skirmisher (level 6, -2/55 HPs)
             Began as a Hill Orc Abyssal Knight on Sept 24, 2018.
             Was a Believer of Lugonu.
             Slain by a sky beast (5 damage)
             ... on level 2 of the Dungeon.
             The game lasted 00:06:43 (1776 turns).

Rrauwl the Skirmisher (Hill Orc Abyssal Knight)     Turns: 1776, Time: 00:06:44

Health: -2/55      AC: 12    Str: 17    XL:     6   Next: 8%
Magic:  9/9        EV:  7    Int: 12    God:    Lugonu [**....]
Gold:   72         SH:  0    Dex: 10    Spells: 5/5 levels left

rFire    . . .     SeeInvis .   a - +1 hand axe
rCold    . . .     Gourm    .   (no shield)
rNeg     . . .     Faith    .   e - +0 chain mail
rPois    .         Spirit   .   (no helmet)
rElec    .         Reflect  .   (no cloak)
rCorr    .         Harm     .   (no gloves)
MR       .....                  (no boots)
Stlth    ..........             (no amulet)
HPRegen  0.18/turn              d - +3 ring of protection
MPRegen  0.11/turn              (no ring)

@: no status effects
A: no striking features
a: Depart the Abyss, Bend Space, Renounce Religion


You were on level 2 of the Dungeon.
You worshipped Lugonu.
Lugonu was pleased with you.
You were not hungry.

You visited 1 branch of the dungeon, and saw 2 of its levels.
You visited the Abyss 1 time.

You collected 72 gold pieces.

Inventory:

Hand Weapons
 a - a +1 hand axe (weapon)
Armour
 e - a +0 chain mail (worn)
Jewellery
 b - an uncursed ring of ice
 d - a +3 ring of protection (left hand)
Scrolls
 h - 2 scrolls of teleportation
Potions
 g - a potion of flight
Comestibles
 c - 4 rations
 f - a chunk of flesh


   Skills:
 + Level 4.8 Fighting
 + Level 4.3 Axes
 + Level 3.5 Armour
 - Level 2.1 Dodging
 + Level 4.1 Invocations


You had 5 spell levels left.
You didn't know any spells.
Your spell library was empty.

Dungeon Overview and Level Annotations

Branches:
Dungeon (2/15)

Altars:
Dithmenos
Okawaru


Message History

Unknown command.
You hit something. Something hits you but does no damage.
You barely miss something. Something hits you but does no damage.
You miss something. Something hits you.
* * * LOW HITPOINT WARNING * * *
Something shocks you.
* * * LOW HITPOINT WARNING * * *
You hit something. Something hits you but does no damage.
You miss something. Something hits you but does no damage.
You hit something. Something hits you but does no damage.
Your chain mail prevents you from hitting something.
Something hits you but does no damage.
You closely miss something. Something completely misses you.
You barely miss something. Something completely misses you.
You miss something.
Something hits you but does no damage. x2
You miss something. Something hits you but does no damage.
You hit something but do no damage. Something hits you.
* * * LOW HITPOINT WARNING * * *
Something shocks you.
You die...

### #.###### #.≈....# ##
#####.####.# .# #..@{.# #.#
.####### #.########.#
........ #.# #....#.#
........ #.###.##.#.#
.......! #.....##.#.# ###
.####+#### #####....#.#
###.. .# #..#
#....#.#####.+.. .#
#..#########....#....##.#..
.#
#..##...........#..........


There were no monsters in sight!

Vanquished Creatures
  Sigmund (D:2)
  Jessica (D:2)
  2 dart slugs (D:2)
  A leopard gecko (D:1)
  A ball python (D:1)
  A giant cockroach (D:2)
  4 goblins
  5 hobgoblins
  12 jackals (D:1)
  A quokka (D:2)
  5 bats
  3 frilled lizards
  5 kobolds
  8 rats
50 creatures vanquished.

Vanquished Creatures (others)
  A demonic plant (Abyss:2)
1 creature vanquished.

Grand Total: 51 creatures vanquished

Notes
Turn   | Place    | Note
-------+----------+-------------------------------------------
     0 | Abyss:1  | Rrauwl the Hill Orc Abyssal Knight began the quest for the
                  | Orb.
     0 | Abyss:1  | Reached XP level 1. HP: 19/19 MP: 2/2
    36 | Abyss:1  | Noticed a rakshasa
    47 | Abyss:1  | Noticed a jelly
    80 | Abyss:2  | Noticed a large abomination
    97 | Abyss:2  | Noticed a stone giant skeleton
   126 | Abyss:2  | Noticed a thrashing horror
   127 | Abyss:2  | Noticed a lindwurm
   127 | Abyss:2  | a glowing shapeshifter changed into a lindwurm
   127 | Abyss:2  | Noticed a large abomination
   131 | D:1      | Escaped the Abyss
   449 | D:1      | Reached * piety under Lugonu
   455 | D:1      | Reached skill level 1 in Dodging
   455 | D:1      | Reached XP level 2. HP: 27/27 MP: 3/3
   736 | D:1      | Reached XP level 3. HP: 33/33 MP: 5/5
  1058 | D:2      | Found an iron altar of Okawaru.
  1214 | D:2      | Noticed Jessica
  1222 | D:2      | Killed Jessica
  1222 | D:2      | Reached XP level 4. HP: 36/40 MP: 6/6
  1228 | D:2      | Found a shadowy altar of Dithmenos.
  1466 | D:2      | Noticed Sigmund
  1468 | D:2      | Reached ** piety under Lugonu
  1504 | D:2      | Killed Sigmund
  1504 | D:2      | Reached XP level 5. HP: 34/47 MP: 6/8
  1504 | D:2      | Reached XP level 6. HP: 38/53 MP: 6/9
  1685 | D:2      | Noticed a sky beast
  1767 | D:2      | HP: 2/55 [something (6)]
  1776 | D:2      | Slain by a sky beast

Vault maps used:
D:1:      lordsloth_arrival_two_stooges, dk_noncrumbling_3
D:2:      grunt_dithmenos_smoke_and_mirrors, first_ration,
          okawaru_metal_pillars_1_2, uniq_sigmund, uniq_jessica
Abyss:1:  evilmike_abyss_exit_5, minivault_19
Abyss:2:  due_exit_kobolds, hangedman_abyss_shoalhut

Skill      XL: |  1  2  3  4 |
---------------+-------------+-----
Dodging        | 1 2 |  2.1
Axes           | 3 4 |  4.3
Fighting       | 4 |  4.8
Invocations    | 3 4 |  4.1
Armour         | 3 |  3.5

Action                   |  1- 3 |  4- 6 || total
-------------------------+-------+-------++-------
Melee: Hand axe          |   101 |    81 ||   182
Invok: Depart the Abyss  |     1 |       ||     1
       Bend Space        |       |     1 ||     1
  Use: Scroll            |     5 |       ||     5
       Potion            |     5 |     2 ||     7
 Stab: Invisible         |       |     1 ||     1
  Eat: Chunk             |     1 |     2 ||     3
Armor: Chain mail        |    81 |    47 ||   128
Dodge: Dodged            |    45 |    26 ||    71

Table legend:
 A = Non-vault XP
 B = Vault XP
 C = Vault XP percentage of total XP
 D = Non-vault monster count
 E = Vault monster count
 F = Vault count percentage of total count
                 A         B        C        D         E       F
            +---------+---------+-------+---------+---------+-------
      Total |      85 |     260 |  75.4 |      48 |       2 |   4.0
            +---------+---------+-------+---------+---------+-------
        D:1 |      47 |       0 |   0.0 |      27 |       0 |   0.0
        D:2 |      38 |     260 |  87.2 |      21 |       2 |   8.7
            +---------+---------+-------+---------+---------+-------
